 Dungeon Crawl Stone Soup version 0.28-b1-25-g9875b3fc8c (webtiles) character file.

Game seed: 11585345367387814343

44 croobank the Sneak (level 3, -1/17 HPs)
             Began as a Felid Delver on Feb 2, 2022.
             Slain by an endoplasm (2 damage)
             ... on level 3 of the Dungeon.
             The game lasted 00:10:11 (3872 turns).

croobank the Sneak (Felid Delver)                   Turns: 3872, Time: 00:10:12

Health: -1/17      AC:  1    Str: 10    XL:     3   Next: 39%
Magic:  4/4        EV: 18    Int: 11    God:
Gold:   30         SH:  0    Dex: 17    Spells: 2/2 levels left
                                        Lives:  0   Deaths: 1

rFire   . . .      SeeInvis +     - Unarmed
rCold   . . .      Faith    .   (shield unavailable)
rNeg    . . .      Spirit   .   (armour unavailable)
rPois   .          Reflect  .   (helmet unavailable)
rElec   .          Harm     .   (cloak unavailable)
rCorr   .          Rampage  .   (gloves unavailable)
Will    .....                   (boots unavailable)
Stlth   ++++......              (no amulet)
HPRegen 0.05/turn               (no ring)
MPRegen 0.09/turn               (no ring)

@: quick
A: very small, claws 1, fangs 3, see invisible, speed 1, shaggy fur 1, stealthy
paws, no weapons or thrown items, no armour, multi-lived
a: no special abilities


You were on level 3 of the Dungeon.
You visited 1 branch of the dungeon, and saw 5 of its levels.

You collected 30 gold pieces.

Inventory:

Missiles
 h - 91 stones
Wands
 e - a wand of digging (3)
Scrolls
 a - a scroll of fog
 c - 2 scrolls of fear
 g - 2 scrolls of teleportation {unknown}
 k - 2 scrolls of enchant weapon
 l - a scroll of magic mapping
Potions
 b - a potion of heal wounds {unknown}
 i - a potion of mutation {unknown}
 j - 2 potions of might {unknown}


   Skills:
 + Level 3.2 Fighting
 + Level 3.1 Dodging
 + Level 7.9 Stealth
 + Level 3.2 Unarmed Combat


You had 2 spell levels left.
You didn't know any spells.
Your spell library contained the following spells:

 Spells                   Type           Power      Damage    Failure   Level
 Blink                    Tloc           0%         N/A       47%         2
 Manifold Assault         Tloc           0%         N/A       100%        5
 Storm Form               Tmut/Air       0%         N/A       100%        7


Dungeon Overview and Level Annotations

Branches:
Dungeon (5/15)
 Temple: D:4-7

Altars:
Cheibriados


Innate Abilities, Weirdness & Mutations

You have sharp claws.
You have razor-sharp teeth.
You have supernaturally acute eyesight. (SInv)
You cover ground quickly. (Speed+)
You are covered in fur. (AC +1)
Your paws help you pounce on unaware monsters.
You are incapable of wielding weapons or throwing items.
You cannot wear armour.
You gain extra lives every three experience levels.


Message History

The orc wizard gestures wildly while chanting.
The orc wizard flickers and vanishes for a moment.
The orc hits you but does no damage. The orc priest hits you with a +0 club.
You climb upwards.
There is a stone staircase leading down here.
You feel yourself speed up. The orc priest hits you with a +0 club.
* * * LOW HITPOINT WARNING * * *
The orc hits you with a +0 whip.
You die...
You are now level 3!
You rejoin the land of the living...
Partly explored, can't reach some places.
There is a stone staircase leading down here.
You climb downwards.
There is a stone staircase leading up here.
A worm comes into view.
You catch the helpless worm completely off-guard!
You claw the worm!
The worm is severely wounded.
The endoplasm quivers.
You scratch the worm.
The worm is almost dead.
The worm closely misses you.
An orc comes into view. It is wielding a +0 dagger.
You barely miss the worm.
The worm is almost dead.
The endoplasm freezes you.
You are frozen.
The worm bites you!
* * * LOW HITPOINT WARNING * * *
You barely miss the worm.
The orc shouts!
You bite the worm, but do no damage.
The worm is almost dead.
The endoplasm hits you.
* * * LOW HITPOINT WARNING * * *
You feel better. The endoplasm closely misses you. The worm bites you!
Ouch! That really hurt!
* * * LOW HITPOINT WARNING * * *
The endoplasm hits you.
You die...

*..................,,,,,,,,,,****
,.................##********,,,,*
*.....(............# *,,,,,,,,,,,
*#####.#*#.o.......# *,,**,,,,,**
*,,,,,,*#.........# **,**,,,,,*,
*,,,,,,*#......w..####.,,,,,,,,,
**,,,,,,*#..............**,***,**
**,,,,,,*##....J..#....#**,,*,,,,
****,**,,*##.<..@...#,.,,**,,,,,,
,,**,*#.....##..#.###***,**,,,,,,
*,**,*#..##,*#..#.# *,,,,,,,,,
,,,,,,.*,**,*#.#..# ***,,*,,,,,,
*****+,*,**,*#...## *,,,**,,,,,,
,,,,,*,*,**,,.....* *,,,**,,,,,,
***+,*,,,,*,......#*********,,,,,
,,,*,*,,*,,,.....,,,,,,,,,,,,,,,,
**,*,*,,**,,,,,,,,*******,*,,,,,,


You could see a worm, an orc and an endoplasm.

Vanquished Creatures
  3 gnolls (D:2)
  2 adders (D:2)
  A worm (D:2)
  An orc (D:3)
  2 bats (D:1)
  8 endoplasms
  2 giant cockroaches
  A goblin (D:2)
  6 hobgoblins
  2 quokkas
  6 ball pythons
  5 frilled lizards
  4 kobolds
  4 rats (D:1)
47 creatures vanquished.

Notes
Turn   | Place    | Note
-------+----------+-------------------------------------------
     0 | D:5      | croobank the Felid Delver began the quest for the Orb.
     0 | D:5      | Reached XP level 1. HP: 10/10 MP: 2/2
    64 | D:5      | Noticed a gnoll shaman
   349 | D:1      | Found a faded altar of an unknown god.
   648 | D:1      | Reached skill level 7 in Stealth
   653 | D:1      | Reached XP level 2. HP: 9/14 MP: 3/3
  1784 | D:2      | Reached XP level 3. HP: 17/17 MP: 4/4
  3338 | D:2      | Reached XP level 4. HP: 20/21 MP: 5/5
  3354 | D:2      | Found a snail-covered altar of Cheibriados.
  3858 | D:2      | Slain by an orc
  3859 | D:2      | Reached XP level 3. HP: 0/17 MP: 4/4
  3872 | D:3      | Slain by an endoplasm

Illustrated notes

Levels and vault maps discovered:
D:1:      minmay_arrival_nine_rooms, layout_loops_corners,
          shapermc_ecumenical_altar_mp_ritualfount, minmay_pentomino_o4
D:2:      layout_rooms, basic_altar, serial_rivers,
          chequers_serial_rivers_micro_e, chequers_serial_rivers_large_b,
          chequers_serial_rivers_small_b, chequers_serial_rivers_large_a,
          amethyst_killhole, feat_on_display
D:3:      layout_rooms, minivault_11, hex_tiny, minmay_crystal_water
D:4:      layout_rooms, nicolae_ossuary_entry_false_entrances,
          minmay_goblin_outpost
D:5:      layout_gridville, serial_shops, nicolae_shop_hallway_stairs,
          uniq_blork_the_orc

Skill      XL: |  1  2  3 |
---------------+----------+-----
Stealth        | 7 |  7.9
Dodging        | 3 |  3.1
Unarmed Combat | 3 |  3.2
Fighting       | |  3.2

Action                   |  1- 3 |  4- 6 || total
-------------------------+-------+-------++-------
Melee: Unarmed           |   121 |    16 ||   137
       Bite              |     8 |     1 ||     9
       Punch             |     3 |     1 ||     4
  Use: Scroll            |     2 |       ||     2
       Potion            |     1 |     1 ||     2
 Stab: Sleeping          |     5 |     5 ||    10
       Distracted        |     3 |       ||     3
Armor: Skin              |     1 |     1 ||     2
Dodge: Dodged            |    84 |     3 ||    87
